 Dungeon Crawl Stone Soup version 0.30-a0-241-g1121274140 (webtiles) character file.

Game seed: 4513637825041763576

173 zishaf the Gusty (level 5, -7/31 HPs)
             Began as a Tengu Air Elementalist on Oct 10, 2022.
             Was an Initiate of Gozag.
             Killed by divine providence
             ... invoked by an orc priest
              (10 damage)
             ... on level 3 of the Dungeon.
             The game lasted 00:04:24 (2927 turns).

zishaf the Gusty (Tengu Air Elementalist)           Turns: 2927, Time: 00:04:25

Health: -7/31      AC:  4    Str:  8    XL:     5   Next: 53%
Magic:  3/10       EV: 14    Int: 17    God:    Gozag
Gold:   433        SH:  0    Dex: 15    Spells: 3/10 levels left

rFire   . . .      SeeInvis +    p - +0 short sword
rCold   . . .      Faith    .    (no shield)
rNeg    . . .      Spirit   .    a - +0 robe
rPois   .          Reflect  .    (helmet restricted)
rElec   .          Harm     .    e - +0 cloak
rCorr   .          Rampage  .    o - +0 pair of gloves
Will    .....                    (boots unavailable)
Stlth   ++........               s - amulet of magic regeneration
HPRegen 0.25/turn                k - ring of see invisible
MPRegen 0.52/turn                (no ring)

@: gold aura, flying quickly and evasively, quick
A: beak, talons 3, nimble flight
a: Renounce Religion, Potion Petition, Call Merchant, Bribe Branch


You were on level 3 of the Dungeon.
You worshipped Gozag.
Gozag was aware of your devotion.
You visited 1 branch of the dungeon, and saw 3 of its levels.

You collected 433 gold pieces.

Inventory:

Hand Weapons
 p - a +0 short sword (weapon)
Armour
 a - a +0 robe (worn)
 e - a +0 cloak (worn)
 o - a +0 pair of gloves (worn)
Jewellery
 k - a ring of see invisible (left hand)
 s - an amulet of magic regeneration (around neck)
Scrolls
 c - a scroll of magic mapping
 f - a scroll of immolation {unknown}
 g - a scroll of identify {unknown}
 m - a scroll of teleportation {unknown}
 q - a scroll of silence {unknown}
 t - a scroll of enchant weapon {unknown}
Potions
 b - 2 potions of magic
 d - a potion of degeneration {unknown}
 h - 5 potions of curing {unknown}
 i - a potion of mutation {unknown}
 j - 2 potions of heal wounds {unknown}
 l - a potion of attraction {unknown}
 n - a potion of lignification {unknown}
 r - a potion of berserk rage {unknown}


   Skills:
 + Level 2.3 Fighting
 - Level 2.1 Dodging
 - Level 2.0 Stealth
 - Level 3.0 Spellcasting
 + Level 3.6 Conjurations
 + Level 5.2 Air Magic


You had 3 spell levels left.
You knew the following spells:

 Your Spells              Type           Power      Damage    Failure   Level
a - Shock                 Conj/Air       68%        1d7       2%          1
b - Airstrike             Air            10%        2d(2-18)  21%         4
A - Static Discharge      Conj/Air       34%        2-4/arc   4%          2

Your spell library contained the following spells:

 Spells                   Type           Power      Damage    Failure   Level
 Swiftness                Air            20%        N/A       6%          3
 Apportation              Tloc           4%         N/A       17%         1
 Ensorcelled Hibernation  Hex/Ice        4%         N/A       26%         2
 Passwall                 Tmut/Erth      1%         N/A       26%         2
 Alistair's Intoxication  Tmut/Pois      1%         N/A       99%         5


Dungeon Overview and Level Annotations

Branches:
Dungeon (3/15)

Altars:
Gozag


Innate Abilities, Weirdness & Mutations

You have a beak for a mouth.
You have claws for feet.
Your magical nature lets you fly swiftly and evasively.


Message History

The orc is heavily wounded.
The orc priest is struck by an arc of lightning.
The orc priest is heavily wounded.
The orc is struck by an arc of lightning.
You kill the orc!
The lightning grounds out.
The orc priest barely misses you.
Casting: Static Discharge (safe; 4% risk of failure)
Confirm with . or Enter, or press ? or * to list all spells.
The orc priest is struck by an arc of lightning.
The orc priest is severely wounded.
You are struck by an arc of lightning.
The orc priest is struck by an arc of lightning.
The orc priest is almost dead.
You are struck by an arc of lightning.
The lightning grounds out.
The orc priest calls down the wrath of Beogh upon you.
Pain shoots through your body!
* * * LOW HITPOINT WARNING * * *
Casting: Static Discharge (safe; 4% risk of failure)
Confirm with . or Enter, or press ? or * to list all spells.
The orc priest is struck by an arc of lightning.
You kill the orc priest!
The orc priest is struck by an arc of lightning.
The orc priest is moderately wounded.
The orc priest is distracted by your dazzling golden aura.
Training target 3.0 for Spellcasting reached!
Your Spellcasting skill increases to level 3!
Casting: Static Discharge (safe; 4% risk of failure)
Confirm with . or Enter, or press ? or * to list all spells.
Aiming: Shock (safe; 2% risk of failure)
Press: ? - help, Shift-Dir - straight line The zap hits the orc priest!
The orc priest is severely wounded.
The orc priest is no longer distracted by gold.
The orc priest shouts!
The zap misses the orc priest.
You hear an angry hiss.
The orc priest invokes the aid of Beogh against you.
Beogh smites you!
You die...
Your body crumbles into a pile of gold.

...........######,,............#.
......)..>.# *,...#.##....#.#.
.......)...# *,..,+...<...#.#.
......##...## *,..,#.##.##.#.#,
............# **.#,#,*#..#.#.#,
)...........# *.#,*,*##.#.#,*,
#+###.#.....# *.#,*,***.#.#,,,
......#.....######$#.#,*,,....,*,
#.#####.#.......@$...#,*<*.#,*,*,
#.# #.#.#.######o###,***.#,*,**
#.# #.#.#.# *.#,*,,,,,,,*,,, ..#
#.#.#.# ****o#,,,,,,,,,,,,, #.#
#.#.#.# *,,,..,,,,,,,,,,,,, #.#
#.#.#.#**,**o#,*****,******
#######.#.#..,,,**$#,* *,* *
.............,,,,,.#,* *,* *
......,,#.###,,,,,,*,*****,* *


You could see an orc priest.

Vanquished Creatures
  A hound (D:3)
  An orc priest (D:3)
  4 adders
  A worm (D:2)
  2 dart slugs
  4 orcs (D:3)
  3 endoplasms
  5 giant cockroaches
  7 goblins
  7 hobgoblins
  2 jackals (D:2)
  3 quokkas (D:2)
  5 ball pythons
  4 bats
  3 frilled lizards
  6 kobolds
  7 rats
65 creatures vanquished.

Notes
Turn   | Place    | Note
-------+----------+-------------------------------------------
     0 | D:1      | zishaf the Tengu Air Elementalist began the quest for the
                  | Orb.
     0 | D:1      | Reached XP level 1. HP: 10/10 MP: 4/4
   355 | D:1      | Reached XP level 2. HP: 16/16 MP: 4/6
   490 | D:1      | Found a faded altar of an unknown god.
   611 | D:1      | Prayed at the altar of an unknown god.
   611 | D:1      | Became a worshipper of Gozag Ym Sagoz the Greedy
  1090 | D:1      | Learned a level 2 spell: Static Discharge
  1165 | D:2      | Reached skill level 1 in Fighting
  1165 | D:2      | Reached XP level 3. HP: 20/20 MP: 4/7
  2070 | D:2      | Reached XP level 4. HP: 25/25 MP: 6/8
  2097 | D:2      | Learned a level 4 spell: Airstrike
  2725 | D:3      | Reached skill level 5 in Air Magic
  2846 | D:3      | Gained mutation: Your magical nature lets you fly swiftly
                  | and evasively. [Tengu growth]
  2846 | D:3      | Reached XP level 5. HP: 30/30 MP: 6/10
  2927 | D:3      | Killed from afar by an orc priest

Illustrated notes

Levels and vault maps discovered:
D:1:      dpeg_arrival_refuge, layout_loops_ring, basic_ecumenical_altar,
          nicolae_figureground_pulse
D:2:      minmay_diamond_boxcup, layout_basic, minivault_24
D:3:      layout_basic

Skill      XL: |  1  2  3  4  5 |
---------------+----------------+-----
Conjurations   | 2 3 |  3.6
Fighting       | 1 2 |  2.3
Air Magic      | 5 |  5.2
Spellcasting   | 3 |  3.0
Dodging        | |  2.1
Stealth        | |  2.0

Action                   |  1- 3 |  4- 6 || total
-------------------------+-------+-------++-------
Melee: Unarmed           |     8 |       ||     8
       Kick              |     2 |       ||     2
       Peck              |     2 |       ||     2
 Cast: Shock             |    88 |    54 ||   142
       Static Discharge  |       |     3 ||     3
  Use: Scroll            |       |     1 ||     1
Armor: Robe              |     7 |     3 ||    10
Dodge: Dodged            |    17 |    10 ||    27

Table legend: (Time is in decaauts)
 A = Elapsed time spent in this place.
 B = Non-inter-level travel time spent in this place.
 C = Inter-level travel time spent in this place.
 D = Time resting spent in this place.
 E = Time spent auto-exploring this place.
 F = Levels seen in this place.
 G = Mean time per level.
                   A        B        C        D        E       F      G
               +--------+--------+--------+--------+--------+-----+--------+
         Total |   2919 |   2829 |     90 |    140 |   2307 |   3 |  973.0 |
       Dungeon |   2919 |   2829 |     90 |    140 |   2307 |   3 |  973.0 |
               +--------+--------+--------+--------+--------+-----+--------+

Top non-repeatable levels by time:
     D:2: 1347 daAuts
     D:1: 1123 daAuts
     D:3: 448 daAuts
